 Dungeon Crawl Stone Soup version 0.31-a0-152-g6aa68a64a1 (webtiles) character file.

Game seed: 723729129826846273

94 rapeowns the Magician (level 4, -2/32 HPs)
             Began as a Gnoll Hedge Wizard on June 10, 2023.
             Was an Initiate of Ashenzari.
             Slain by a gnoll
             ... wielding a +0 flail
              (11 damage)
             ... on level 2 of the Dungeon.
             The game lasted 00:04:43 (2063 turns).

rapeowns the Magician (Gnoll Hedge Wizard)          Turns: 2063, Time: 00:04:44

Health: -2/32      AC:  3    Str:  9    XL:     4   Next: 63%
Magic:  25/31      EV: 13    Int: 15    God:    Ashenzari [......]
Gold:   48         SH:  0    Dex: 12    Spells: 8/17 levels left

rFire   . . .        r - +3 mace (holy)
rCold   . . .        a - orb {*channel}
rNeg    . . .        b - +0 robe
rPois   .            n - +0 helmet
rElec   .            (no cloak)
rCorr   .            (no gloves)
SInv    .            (no boots)
Will    .....        k - amulet of the acrobat
Stlth   +++          g - ring of magical power
HPRegen 0.25/turn    s - ring of magical power
MPRegen 0.22/turn

%: acrobat, channel magic (20%)
@: on blink cooldown
A: fangs 1, strong nose, distributed training
a: Renounce Religion


You were on level 2 of the Dungeon.
You worshipped Ashenzari.
Ashenzari was noncommittal.
You visited 1 branch of the dungeon, and saw 3 of its levels.

You collected 208 gold pieces.
You spent 160 gold pieces at shops.

Inventory:

Hand Weapons
 r - a +3 mace of holy wrath (weapon)
Armour
 a - an orb of energy (worn)
 b - a +0 robe (worn)
 n - a +0 helmet (worn)
Jewellery
 g - a ring of magical power (left hand)
 k - an amulet of the acrobat (around neck)
 s - a ring of magical power (right hand)
Wands
 p - a wand of flame (6)
Scrolls
 c - a scroll of amnesia {unknown}
 h - a scroll of brand weapon {unknown}
 i - a scroll of identify {unknown}
 j - a scroll of blinking {unknown}
 m - 4 scrolls of teleportation {unknown}
 t - a scroll of enchant weapon {unknown}
Potions
 d - a potion of magic
 e - a potion of might {unknown}
 f - 2 potions of cancellation {unknown}
 l - a potion of curing {unknown}
 o - a potion of degeneration {unknown}
 q - a potion of heal wounds {unknown}


   Skills:
 + Level 1.2 Fighting
 + Level 1.2 Short Blades
 + Level 1.2 Long Blades
 + Level 1.2 Axes
 + Level 1.2 Maces & Flails
 + Level 1.2 Polearms
 + Level 1.2 Staves
 + Level 1.2 Ranged Weapons
 + Level 1.2 Throwing
 + Level 1.2 Armour
 + Level 4.7 Dodging
 + Level 4.3 Stealth
 + Level 1.2 Shields
 + Level 1.2 Unarmed Combat
 + Level 7.2 Spellcasting
 + Level 2.3 Conjurations
 + Level 1.0 Hexes
 + Level 2.3 Summonings
 + Level 1.0 Necromancy
 + Level 2.3 Translocations
 + Level 1.0 Transmutations
 + Level 1.0 Fire Magic
 + Level 1.0 Ice Magic
 + Level 1.0 Air Magic
 + Level 1.0 Earth Magic
 + Level 1.0 Poison Magic
 + Level 1.4 Invocations
 + Level 1.2 Evocations


You had 8 spell levels left.
You knew the following spells:

 Your Spells              Type           Power      Damage    Failure   Level
a - Magic Dart            Conj           48%        1d5       14%         1
b - Blink                 Tloc           24%        N/A       21%         2
c - Stone Arrow           Conj/Erth      20%        3d8       38%         3
d - Mephitic Cloud        Conj/Pois/Air  9%         N/A       43%         3

Your spell library contained the following spells:

 Spells                   Type           Power      Damage    Failure   Level
 Call Imp                 Summ           24%        N/A       21%         2
 Sandblast                Erth           16%        2d6       22%         1
 Slow                     Hex            32%        N/A       22%         1
 Static Discharge         Conj/Air       20%        2-3/arc   24%         2
 Cigotuvi's Dreadful Rot  Necr/Pois/Air  16%        N/A       30%         2
 Passwall                 Tmut/Erth      6%         N/A       30%         2
 Summon Lightning Spire   Summ/Air       10%        N/A       75%         4
 Airstrike                Air            4%         2d(1-17)  82%         4
 Animate Dead             Necr           8%         N/A       82%         4
 Borgnjor's Vile Clutch   Necr/Erth      4%         N/A       98%         5
 Necromutation            Tmut/Necr      4%         N/A       100%        8


Dungeon Overview and Level Annotations

Branches:
Dungeon (3/15)

Altars:
Ashenzari

Shops:
D:2 *


Innate Abilities, Weirdness & Mutations

You have very sharp teeth.
Your uncanny sense of smell can sniff out nearby items.
Your experience applies equally to all skills.


Message History

Aim: a gnoll, wielding a +0 flail (100% to hit)
The magic dart hits the gnoll.
The gnoll is moderately wounded.
The gnoll hits you with a +0 flail.
Aiming: Magic Dart (safe; 14% risk of failure)
Press: ? - help, Q - select action, (/) - cycle Shift-Dir - straight line, f/p - gnoll
Aim: a gnoll, wielding a +0 flail (moderately wounded, 100% to hit)
The magic dart hits the gnoll but does no damage.
The gnoll is moderately wounded.
The gnoll closely misses you.
Aiming: Magic Dart (safe; 14% risk of failure)
Press: ? - help, Q - select action, (/) - cycle Shift-Dir - straight line, f/p - gnoll
Aim: a gnoll, wielding a +0 flail (moderately wounded, 100% to hit)
The magic dart hits the gnoll but does no damage.
The gnoll is moderately wounded.
The gnoll hits you with a +0 flail!
The gnoll throws a throwing net.
The throwing net closely misses you. The gnoll hits you with a +0 flail.
You climb upwards.
There is a stone staircase leading down here.
Aiming: Magic Dart (safe; 14% risk of failure)
Press: ? - help, Q - select action, (/) - cycle Shift-Dir - straight line, f - gnoll
Aim: a gnoll, wielding a +0 flail (moderately wounded, 100% to hit)
The magic dart hits the gnoll but does no damage.
The gnoll is moderately wounded.
The gnoll hits you with a +0 flail.
* * * LOW HITPOINT WARNING * * *
Casting: Magic Dart (safe; 14% risk of failure)
Confirm with . or Enter, or press ? or * to list all spells.
You blink.
Casting: Blink (safe; 21% risk of failure)
Confirm with . or Enter, or press ? or * to list all spells.
You are still too unstable to blink.
Aiming: Magic Dart (safe; 14% risk of failure)
Press: ? - help, Q - select action, (/) - cycle Shift-Dir - straight line, f/p - gnoll
Aim: a gnoll, wielding a +0 flail (moderately wounded, 100% to hit)
The magic dart hits the gnoll.
The gnoll is moderately wounded.
The gnoll hits you with a +0 flail!
You die...

#...............>...
#...............##.#
#.......÷...#.#.##.#
#..................#
#...........##...###
##..§...._..##.###
##.........####
#g........#
#@........#
##.......##
##.....## #######


You could see a gnoll.

Vanquished Creatures
  A gnoll (D:3)
  3 adders
  An adder zombie (D:2)
  An adder skeleton (D:2)
  3 ball pythons
  2 bats
  3 bat skeletons (D:2)
  7 endoplasms
  5 giant cockroaches (D:1)
  6 goblins
  A hobgoblin (D:2)
  A quokka (D:1)
  2 frilled lizards
  A giant cockroach zombie (D:2)
  3 kobolds
  10 rats
50 creatures vanquished.

Notes
Turn   | Place    | Note
-------+----------+-------------------------------------------
     0 | D:1      | rapeowns the Gnoll Hedge Wizard began the quest for the
                  | Orb.
     0 | D:1      | Reached XP level 1. HP: 13/13 MP: 8/8
   233 | D:1      | Reached XP level 2. HP: 19/19 MP: 7/10
   384 | D:1      | Learned a level 2 spell: Blink
   660 | D:1      | Reached XP level 3. HP: 25/25 MP: 6/11
   952 | D:1      | Reached skill level 1 in Invocations
  1381 | D:2      | Reached skill level 1 in Fighting
  1381 | D:2      | Reached skill level 1 in Short Blades
  1381 | D:2      | Reached skill level 1 in Long Blades
  1381 | D:2      | Reached skill level 1 in Axes
  1381 | D:2      | Reached skill level 1 in Maces & Flails
  1381 | D:2      | Reached skill level 1 in Polearms
  1381 | D:2      | Reached skill level 1 in Staves
  1381 | D:2      | Reached skill level 1 in Ranged Weapons
  1381 | D:2      | Reached skill level 1 in Throwing
  1381 | D:2      | Reached skill level 1 in Armour
  1381 | D:2      | Reached skill level 1 in Shields
  1381 | D:2      | Reached skill level 1 in Unarmed Combat
  1381 | D:2      | Reached skill level 1 in Evocations
  1429 | D:2      | Found a broken altar of Ashenzari.
  1440 | D:2      | Became a worshipper of Ashenzari the Shackled
  1481 | D:2      | Found Viyqodod's General Store.
  1496 | D:2      | Bought an orb of energy for 160 gold pieces
  1529 | D:2      | Reached XP level 4. HP: 26/32 MP: 10/13
  1704 | D:2      | Got the Guidebook on Lamentation
  1735 | D:2      | Learned a level 3 spell: Stone Arrow
  1739 | D:2      | Learned a level 3 spell: Mephitic Cloud
  1885 | D:3      | Reached skill level 1 in Hexes
  1885 | D:3      | Reached skill level 1 in Necromancy
  1885 | D:3      | Reached skill level 1 in Transmutations
  1885 | D:3      | Reached skill level 1 in Fire Magic
  1885 | D:3      | Reached skill level 1 in Ice Magic
  1885 | D:3      | Reached skill level 1 in Air Magic
  1885 | D:3      | Reached skill level 1 in Earth Magic
  1885 | D:3      | Reached skill level 1 in Poison Magic
  2063 | D:2      | Slain by a gnoll

Illustrated notes

Levels and vault maps discovered:
D:1:      minmay_arrival_open_corners, layout_loops_cross, columned_hall_lemuel,
          minmay_rat_gold_closets
D:2:      layout_rooms, serial_undead, serial_undead_e, serial_undead_a,
          serial_undead_c, serial_undead_d, basic_altar, serial_shops,
          nicolae_shop_competitors_out_of_business
D:3:      minmay_bubble_buster, layout_loops_ring, lemuel_crystal_altar,
          uniq_grinder, uniq_terence

Skill      XL: |  1  2  3  4 |
---------------+-------------+-----
Conjurations   | 2 |  2.3
Summonings     | 2 |  2.3
Translocations | 2 |  2.3
Invocations    | 1 |  1.4
Fighting       | 1 |  1.2
Short Blades   | 1 |  1.2
Long Blades    | 1 |  1.2
Axes           | 1 |  1.2
Maces & Flails | 1 |  1.2
Polearms       | 1 |  1.2
Staves         | 1 |  1.2
Ranged Weapons | 1 |  1.2
Throwing       | 1 |  1.2
Armour         | 1 |  1.2
Shields        | 1 |  1.2
Unarmed Combat | 1 |  1.2
Evocations     | 1 |  1.2
Hexes          | 1 |  1.0
Necromancy     | 1 |  1.0
Transmutations | 1 |  1.0
Fire Magic     | 1 |  1.0
Ice Magic      | 1 |  1.0
Air Magic      | 1 |  1.0
Earth Magic    | 1 |  1.0
Poison Magic   | 1 |  1.0
Dodging        | |  4.7
Stealth        | |  4.3
Spellcasting   | |  7.2

Action                     |  1- 3 |  4- 6 || total
---------------------------+-------+-------++-------
  Melee: Dagger            |    46 |       ||    46
         Bite              |     4 |     2 ||     6
         Mace              |     8 |    18 ||    26
   Cast: Magic Dart        |    79 |    24 ||   103
         Blink             |       |     3 ||     3
 Armour: Robe              |    10 |     3 ||    13
  Dodge: Dodged            |    43 |    17 ||    60

Table legend: (Time is in decaauts)
 A = Elapsed time spent in this place.
 B = Non-inter-level travel time spent in this place.
 C = Inter-level travel time spent in this place.
 D = Time resting spent in this place.
 E = Time spent auto-exploring this place.
 F = Levels seen in this place.
 G = Mean time per level.
                   A        B        C        D        E       F      G
               +--------+--------+--------+--------+--------+-----+--------+
         Total |   2070 |   2032 |     38 |     42 |   1609 |   3 |  690.0 |
       Dungeon |   2070 |   2032 |     38 |     42 |   1609 |   3 |  690.0 |
               +--------+--------+--------+--------+--------+-----+--------+

Top non-repeatable levels by time:
     D:1: 1240 daAuts
     D:2: 644 daAuts
     D:3: 185 daAuts
